 Dungeon Crawl Stone Soup version 0.27.1-4-g1640c2035a (webtiles) character file.

Game seed: 165734353941052971

3674 zeram the Cleaver (level 10, -5/88 HPs)
             Began as a Hill Orc Fighter on Nov 11, 2021.
             Was an Initiate of Gozag.
             Slain by a two-headed ogre (27 damage)
             ... on level 8 of the Dungeon.
             The game lasted 00:12:37 (10125 turns).

zeram the Cleaver (Hill Orc Fighter)               Turns: 10125, Time: 00:12:39

Health: -5/88      AC:  9    Str: 29    XL:     10   Next: 13%
Magic:  10/10      EV:  8    Int:  8    God:    Gozag
Gold:   884        SH: 12    Dex: 10    Spells: 9/9 levels left

rFire    . . .     SeeInvis .   a - +3 war axe
rCold    . . .     Faith    .   c - +0 kite shield
rNeg     . . .     Spirit   .   b - +0 scale mail
rPois    .         Reflect  .   (no helmet)
rElec    .         Harm     .   (no cloak)
rCorr    .         Rampage  .   (no gloves)
Will     .....                  k - +0 pair of boots
Stlth    ..........             (no amulet)
HPRegen  0.24/turn              f - +6 ring of strength
MPRegen  0.12/turn              (no ring)

@: lethally poisoned (-5 -> -9)
A: no striking features
a: Renounce Religion, Potion Petition, Call Merchant, Bribe Branch


You were on level 8 of the Dungeon.
You worshipped Gozag.
Gozag was pleased with you.
You visited 1 branch of the dungeon, and saw 8 of its levels.
You also visited: Sewer.

You collected 910 gold pieces.
You paid 26 gold pieces to Gozag.

Inventory:

Hand Weapons
 a - a +3 war axe (weapon)
Missiles
 q - 2 throwing nets (quivered)
Armour
 b - a +0 scale mail (worn)
 c - a +0 kite shield (worn)
 k - a +0 pair of boots (worn)
Jewellery
 f - a +6 ring of strength (left hand)
Scrolls
 d - 2 scrolls of identify
 e - 2 scrolls of amnesia
 p - a scroll of fog
 r - a scroll of magic mapping
Potions
 g - 3 potions of flight
 h - a potion of degeneration {unknown}
 i - 3 potions of curing
 l - a potion of ambrosia {unknown}
 m - 2 potions of magic {unknown}
 o - 2 potions of lignification {unknown}
 s - 2 potions of attraction {unknown}
 u - a potion of invisibility {unknown}


   Skills:
 + Level 8.1 Fighting
 + Level 11.9 Axes
 + Level 7.6 Armour
 + Level 7.9 Shields


You had 9 spell levels left.
You didn't know any spells.
Your spell library contained the following spells:

 Spells                   Type           Power      Damage    Failure   Level
 Sandblast                Erth           0%         2d4       91%         1
 Passwall                 Tmut/Erth      0%         N/A       97%         2
 Portal Projectile        Hex/Tloc       0%         N/A       99%         3
 Tukima's Dance           Hex            0%         N/A       99%         3
 Passage of Golubria      Tloc           N/A        N/A       100%        4
 Blade Hands              Tmut           0%         N/A       100%        5
 Excruciating Wounds      Necr           0%         N/A       100%        5
 Lee's Rapid Deconstruct  Erth           0%         3d5*      100%        5
 Yara's Violent Unravell  Hex/Tmut       0%         3d3       100%        5


Dungeon Overview and Level Annotations

Branches:
Dungeon (8/15)             Temple (0/1) D:7           Sewer (visited)
   Lair: D:8-11

Altars:
Cheibriados
Fedhas
Gozag
Kikubaaqudgha
Okawaru
Qazlal
Ru
Sif Muna
Uskayaw
Vehumet
Xom
Zin
The Shining One

Shops:
D:1 ?


Message History

The killer bee stings you but does no damage.
The killer bee stings you.
You are poisoned.
The killer bee poisons you! The killer bee closely misses you.
This is a scroll of acquirement!
Something appears at your feet!
You feel sick.
The killer bee stings you but does no damage.
The killer bee stings you.
You are more poisoned.
The killer bee poisons you!
The two-headed ogre hits you with a +0 giant spiked club!!
* * * LOW HITPOINT WARNING * * *
The two-headed ogre hits you with a +0 giant spiked club.
* * * LOW HITPOINT WARNING * * *
The killer bee stings you but does no damage.
The killer bee barely misses you.
Unknown command.
Okay, then.
You feel much better.
You feel sick. You block the killer bee's attack.
The killer bee barely misses you. You block the killer bee's attack.
The killer bee barely misses you.
The two-headed ogre hits you with a +0 giant spiked club. x2
Okay, then.
Unknown command.
You slash the two-headed ogre!
The two-headed ogre is moderately wounded.
You hit the killer bee. You miss the killer bee.
You feel sick.
You block the killer bee's attack. x2; The killer bee stings you.
* * * LOW HITPOINT WARNING * * *
The killer bee barely misses you.
Unknown command.
You slice the two-headed ogre!!
The two-headed ogre is severely wounded.
You hit the killer bee. You slash the howler monkey zombie!
You hit the killer bee but do no damage.
You feel sick. You block the killer bee's attack.
The killer bee stings you but does no damage.
The two-headed ogre hits you with a +0 giant spiked club!!
You die...
Your body crumbles into a pile of gold.

.... #..................##.
....). #..................
....... #.............# .#.
........####.............# #.
.........................##.#.
................###......# ...
.............J..# ######.# #..
............yOy.# #.# ..
............Z@..# #.# #.
.........######## #####.# #.
..####.############.....# ## $
#.##...............# #.
#.##...............# #.
##O##...............####. $
#........................
#....O.....##..O....####.
#..........##............


You could see a two-headed ogre, a jelly, 2 killer bees and a howler monkey
zombie.

Vanquished Creatures
  A two-headed ogre (D:7)
  Pikel (D:7)
  Sigmund (D:4)
  A wraith (D:7)
  2 water moccasins (D:6)
  2 orc warriors
  A sky beast (D:5)
  2 necrophages
  An ogre (D:5)
  2 phantoms
  A centaur (D:7)
  4 lemures
  3 kobold brigands
  2 gnoll sergeants
  A bullfrog (D:8)
  A water moccasin zombie (D:6)
  A bullfrog zombie (D:5)
  2 centaur zombies
  2 orc priests
  A centaur skeleton (D:6)
  A gnoll shaman (D:6)
  5 hounds
  An iguana (D:5)
  Natasha (D:3)
  2 orc wizards
  A howler monkey zombie (D:6)
  16 gnolls
  2 river rats (Sewer)
  8 adders
  A white imp (D:8)
  4 ufetubi
  6 worms
  2 dart slugs (D:1)
  21 orcs
  8 ball pythons
  4 bats
  7 endoplasms
  3 giant cockroaches
  4 goblins
  4 hobgoblins
  7 jackals
  3 quokkas
  18 kobolds
  6 rats
167 creatures vanquished.

Notes
Turn   | Place    | Note
-------+----------+-------------------------------------------
     0 | D:1      | zeram the Hill Orc Fighter began the quest for the Orb.
     0 | D:1      | Reached XP level 1. HP: 19/19 MP: 1/1
   245 | D:1      | Reached XP level 2. HP: 27/27 MP: 2/2
   272 | D:1      | Reached skill level 3 in Axes
   460 | D:1      | Found a faded altar of an unknown god.
   667 | D:1      | Found Imin's Magic Scroll Boutique.
   898 | D:2      | Reached XP level 3. HP: 26/33 MP: 3/3
  1053 | D:2      | Found a sacrificial altar of Ru.
  1455 | D:2      | Reached XP level 4. HP: 33/40 MP: 4/4
  2350 | D:3      | Noticed a necrophage
  2360 | D:3      | Killed a necrophage
  2361 | D:3      | Reached skill level 4 in Axes
  2361 | D:3      | Reached XP level 5. HP: 46/47 MP: 5/5
  2372 | D:3      | Reached skill level 5 in Axes
  3349 | D:4      | Reached XP level 6. HP: 53/53 MP: 6/6
  3401 | D:4      | Noticed Sigmund
  3680 | D:4      | Killed Sigmund
  3681 | D:4      | Reached skill level 6 in Axes
  3758 | D:4      | Found a shimmering blue altar of Sif Muna.
  3784 | D:4      | Noticed Natasha
  4080 | D:3      | Killed Natasha
  4081 | D:3      | Reached skill level 5 in Fighting
  4081 | D:3      | Reached XP level 7. HP: 49/61 MP: 7/7
  4203 | D:4      | Found a glowing silver altar of Zin.
  4488 | D:4      | Reached skill level 5 in Armour
  4604 | D:4      | Found an opulent altar of Gozag.
  4633 | D:4      | Became a worshipper of Gozag Ym Sagoz the Greedy
  4898 | D:5      | Entered Level 5 of the Dungeon
  4933 | D:5      | Found a stormy altar of Qazlal.
  4940 | D:5      | Reached skill level 7 in Axes
  4940 | D:5      | Reached skill level 5 in Shields
  5087 | D:5      | Found a snail-covered altar of Cheibriados.
  5837 | D:5      | Reached XP level 8. HP: 51/70 MP: 8/8
  6131 | D:5      | Found an ancient bone altar of Kikubaaqudgha.
  6198 | D:5      | Reached skill level 8 in Axes
  6631 | D:6      | Found an iron altar of Okawaru.
  6631 | D:6      | Found a sacrificial altar of Ru.
  6632 | D:6      | Found a radiant altar of Vehumet.
  6645 | D:6      | Found a hide-covered altar of Uskayaw.
  6852 | D:6      | Reached skill level 9 in Axes
  7148 | D:6      | Found a shimmering altar of Xom.
  7207 | D:6      | Found a glowing drain.
  7234 | Sewer    | Entered a sewer
  7342 | Sewer    | Reached XP level 9. HP: 77/78 MP: 9/9
  7369 | Sewer    | Found a white marble altar of Elyvilon.
  7868 | D:6      | Reached skill level 10 in Axes
  8013 | D:7      | Noticed Pikel
  8053 | D:7      | Killed Pikel
  8240 | D:7      | Noticed a two-headed ogre
  8259 | D:7      | Killed a two-headed ogre
  8260 | D:7      | Reached skill level 11 in Axes
  8426 | D:7      | Found a staircase to the Ecumenical Temple.
  8735 | D:7      | Reached XP level 10. HP: 23/88 MP: 10/10
  9773 | D:7      | Found a blossoming altar of Fedhas.
  9816 | D:7      | Found a glowing golden altar of the Shining One.
 10069 | D:8      | Noticed a two-headed ogre
 10122 | D:8      | Identified a scroll of acquirement
 10122 | D:8      | Acquired the ring "Afuigruy" {Fire rElec rN+ Str+4 Int-3}
 10122 | D:8      | HP: 2/88 [two-headed ogre (4)]
 10125 | D:8      | Slain by a two-headed ogre

Illustrated notes

Levels and vault maps discovered:
D:1:      minmay_arrival_three_doors, layout_basic, serial_shops, shop,
          basic_ecumenical_altar, corexii_leaking_fountain
D:2:      layout_loops_ring, basic_altar, minmay_nonomino_d4
D:3:      layout_basic
D:4:      layout_layer_cave, mainiacjoe_overflow_brackets,
          nicolae_sif_muna_condensation, marbit_many_paths, uniq_sigmund,
          uniq_natasha
D:5:      layout_loops_corners, kennysheep_mini, lemuel_doored_altar,
          grunt_qazlal_clouds
D:6:      layout_basic, xom_teletrap_fun, nicolae_overflow_quartered_altars,
          cheibrodos_sewer_entry_bend, minmay_checkerbox
D:7:      layout_cave_pods, mainiacjoe_overflow_alcove_4, kennysheep_little_box,
          temple_statues, uniq_pikel
D:8:      layout_basic

Skill      XL: |  1  2  3  4  5  6  7  8  9 10 |
---------------+-------------------------------+-----
Axes           | 3 4 5 6 7 9 11 | 11.9
Fighting       | 4 5 6 7 8 |  8.1
Armour         | 4 5 6 7 |  7.6
Shields        | 4 5 6 7 |  7.9

Action                   |  1- 3 |  4- 6 |  7- 9 | 10-12 || total
-------------------------+-------+-------+-------+-------++-------
Melee: War axe           |   100 |   104 |   312 |    44 ||   560
  Use: Scroll            |     3 |     5 |     8 |     3 ||    19
       Potion            |       |     4 |     3 |     3 ||    10
 Stab: Distracted        |       |       |     1 |       ||     1
Armor: Scale mail        |    47 |    45 |   106 |    18 ||   216
Dodge: Dodged            |    35 |    32 |    96 |    18 ||   181
Block: Kite shield       |    70 |    71 |   194 |    24 ||   359
